 Dungeon Crawl Stone Soup version 0.19.1-1-g22dce08 (webtiles) character file.

67 Peloso the Slasher (level 4, -5/37 HPs)
             Began as a Ghoul Gladiator on Dec 30, 2016.
             Slain by Dolanko's ghost (8 damage)
             ... on level 3 of the Dungeon.
             The game lasted 00:03:42 (1614 turns).

Peloso the Slasher (Ghoul Gladiator)                Turns: 1614, Time: 00:03:43

Health: -5/37      AC:  7    Str: 16 (18) XL:     4   Next: 16%
Magic:  3/3        EV: 12    Int:  1 (3)  God:
Gold:   89         SH:  0    Dex:  7 (10) Spells: 0 memorised, 3 levels left

rFire  . . .     SeeInvis .     a - +0 long sword
rCold  + . .     Gourm    .     b - +0 leather armour
rNeg   + + +     Faith    .     (no shield)
rPois  ∞         Spirit   .     g - +0 helmet
rElec  .         Reflect  .     (no cloak)
rCorr  .         Harm     .     o - +2 pair of gloves
MR     .....                    (no boots)
Stlth  +.........               (no amulet)
                                (no ring)
                                (no ring)

@: rotting
A: rotting body, claws 1, carnivore 3, cold resistance 1, negative energy
resistance 3, slow regeneration 1, torment resistance, unbreathing
a: no special abilities


You were on level 3 of the Dungeon.
You were not hungry.

You visited 1 branch of the dungeon, and saw 3 of its levels.

You collected 89 gold pieces.

Inventory:

Hand Weapons
 a - a +0 long sword (weapon)
 h - a cursed -3 dagger
 l - a cursed -2 short sword
 p - a cursed -2 dagger
Missiles
 d - 3 throwing nets (quivered)
Armour
 b - a +0 leather armour (worn)
 g - a +0 helmet (worn)
 o - a +2 pair of gloves (worn)
Wands
 q - a wand of iceblast (5/15)
Scrolls
 e - 2 scrolls of remove curse {unknown}
 k - 3 scrolls of identify {unknown}
 m - a scroll of teleportation {unknown}
Potions
 j - a potion of degeneration
Comestibles
 f - 2 meat rations
 n - 4 chunks of flesh


   Skills:
 + Level 2.6 Fighting
 + Level 3.3 Long Blades
 + Level 1.9 Throwing
 + Level 1.0 Armour
 + Level 3.3 Dodging


You had 3 spell levels left.
You didn't know any spells.

Dungeon Overview and Level Annotations

Branches:
Dungeon (3/15)

Altars:

Annotations:
D:3 Dolanko's ghost, amateur DrGl


Innate Abilities, Weirdness & Mutations

Your body is rotting away.
You thrive on raw meat.
You are immune to poison.
You have sharp fingernails.
You are carnivorous and can eat meat at any time.
Your flesh is cold resistant. (rC+)
You are immune to negative energy. (rN+++)
You regenerate slowly when monsters are visible.
You are immune to unholy pain and torment.
You can survive without breathing.


Message History

Dolanko's ghost is almost destroyed.
Dolanko's ghost hits you but does no damage.
Dolanko's ghost hits you!
* * * LOW HITPOINT WARNING * * *
You barely miss Dolanko's ghost.
Dolanko's ghost is almost destroyed.
Dolanko's ghost barely misses you.
You riposte.
You closely miss Dolanko's ghost.
Dolanko's ghost is almost destroyed.
You barely miss Dolanko's ghost.
Dolanko's ghost is almost destroyed.
Dolanko's ghost hits you but does no damage.
You closely miss Dolanko's ghost.
Dolanko's ghost is almost destroyed.
Dolanko's ghost barely misses you.
You hit Dolanko's ghost.
Dolanko's ghost is almost destroyed.
Dolanko's ghost hits you but does no damage.
Dolanko's ghost hits you!
You die...

#. ..
#. .#
#.#.#
...
.K.
#S#
#W#
#@#
#.#
.#
#.#
#.#
#(#
#.#
#.#
#.#
#.#
#.#
#.#
#.#
#.#
##.##
#(#


You could see Dolanko's ghost, an adder and a kobold.

Vanquished Creatures
  2 adders (D:1)
  2 dart slugs (D:1)
  A leopard gecko (D:2)
  2 giant cockroaches (D:2)
  4 hobgoblins
  7 jackals
  A ball python (D:1)
  2 bats (D:2)
  A frilled lizard (D:1)
  6 goblins
  10 kobolds
  4 rats
42 creatures vanquished.

Notes
Turn   | Place    | Note
-------+----------+-------------------------------------------
     0 | D:1      | Peloso the Ghoul Gladiator began the quest for the Orb.
     0 | D:1      | Reached XP level 1. HP: 17/17 MP: 0/0
   105 | D:1      | Reached XP level 2. HP: 25/25 MP: 1/1
   534 | D:1      | Reached XP level 3. HP: 17/30 MP: 2/2
   973 | D:2      | Reached XP level 4. HP: 26/37 MP: 3/3
  1219 | D:2      | Reached skill level 1 in Armour
  1583 | D:3      | Noticed Dolanko's ghost (amateur DrGl)
  1614 | D:3      | Slain by Dolanko's ghost

Skill      XL: |  1  2  3  4 |
---------------+-------------+-----
Dodging        | 3 |  3.3
Long Blades    | 3 |  3.3
Armour         | 1 |  1.0
Fighting       | |  2.6
Throwing       | |  1.9

Action                   |  1- 3 |  4- 6 || total
-------------------------+-------+-------++-------
Melee: Long sword        |    99 |    41 ||   140
  Use: Potion            |     2 |     3 ||     5
  Eat: Chunk             |     6 |     1 ||     7
Armor: Leather armour    |    55 |    13 ||    68
Dodge: Dodged            |   106 |    26 ||   132
       Rpst.: Long sword |    28 |     8 ||    36
